 Dungeon Crawl Stone Soup version 0.27.1-1-g398f81649c (webtiles) character file.

Game seed: 12708310134324956323

1 Gwenloh the Sneak (level 1, 0/10 HPs)
             Began as a Kobold Enchanter on Sept 10, 2021.
             Slain by a bat (1 damage)
             ... on level 1 of the Dungeon.
             The game lasted 00:01:00 (58 turns).

Gwenloh the Sneak (Kobold Enchanter)                  Turns: 58, Time: 00:01:00

Health: 0/10       AC:  2    Str:  5    XL:     1   Next: 22%
Magic:  3/3        EV: 15    Int: 16    God:
Gold:   0          SH:  0    Dex: 15    Spells: 3/4 levels left

rFire    . . .     SeeInvis .   a - +1 dagger
rCold    . . .     Faith    .   (shield restricted)
rNeg     . . .     Spirit   .   b - +0 robe
rPois    .         Reflect  .   (no helmet)
rElec    .         Harm     .   (no cloak)
rCorr    .         Rampage  .   (no gloves)
Will     .....                  (no boots)
Stlth    ++++......             (no amulet)
HPRegen  0.03/turn              (no ring)
MPRegen  0.08/turn              (no ring)

@: no status effects
A: small, no large weapons, nightstalker 3
a: no special abilities


You were on level 1 of the Dungeon.
You visited 1 branch of the dungeon, and saw 1 of its levels.

Inventory:

Hand Weapons
 a - a +1 dagger (weapon)
Armour
 b - a +0 robe (worn)


   Skills:
 + Level 1.4 Short Blades
 + Level 2.4 Dodging
 + Level 4.0 Stealth
 + Level 2.2 Spellcasting
 + Level 3.0 Hexes


You had 3 spell levels left.
You knew the following spells:

 Your Spells              Type           Power      Damage    Failure   Level
a - Corona                Hex            12%        N/A       6%          1

Your spell library contained the following spells:

 Spells                   Type           Power      Damage    Failure   Level
 Ensorcelled Hibernation  Hex/Ice        12%        N/A       17%         2
 Confusing Touch          Hex            11%        N/A       19%         3
 Tukima's Dance           Hex            11%        N/A       19%         3
 Dazzling Flash           Conj/Hex       12%        N/A       32%         3


Dungeon Overview and Level Annotations

Branches:
Dungeon (1/15)

Altars:


Innate Abilities, Weirdness & Mutations

You are small and have problems with some larger weapons.
You are completely attuned to the shadows.


Message History

The bat hits you. The bat hits you but does no damage. The bat misses you.
The bat barely misses you.
You are too injured to fight recklessly!
You are too injured to fight recklessly!
You are too injured to fight recklessly!
You miss the bat. The bat barely misses you. The bat closely misses you.
You hit the bat but do no damage. The bat closely misses you. x2
You miss the bat. The bat hits you but does no damage.
You miss the bat. The bat hits you but does no damage.
The bat closely misses you. The hobgoblin closely misses you.
The bat closely misses you.
You hit the hobgoblin but do no damage.
The hobgoblin is moderately wounded.
The bat closely misses you. The hobgoblin hits you.
* * * LOW HITPOINT WARNING * * *
You hit the hobgoblin but do no damage.
The hobgoblin is moderately wounded.
The bat hits you but does no damage. The hobgoblin closely misses you.
You barely miss the hobgoblin.
The hobgoblin is moderately wounded.
The bat barely misses you. The hobgoblin closely misses you.
You hit the hobgoblin.
The hobgoblin is heavily wounded.
The hobgoblin hits you.
* * * LOW HITPOINT WARNING * * *
The bat misses you.
You closely miss the hobgoblin.
The hobgoblin is heavily wounded.
The bat closely misses you. The bat misses you.
The hobgoblin barely misses you.
You hit the hobgoblin.
You kill the hobgoblin!
The bat closely misses you. The bat barely misses you.
The bat barely misses you.
You see here a hobgoblin corpse.
The bat hits you but does no damage.
You barely miss the bat. The bat barely misses you. The bat hits you.
You die...

....+##≈##≈## .#
....##≈P≈≈P≈##
##.#####+#..#≈P8PP8P≈#
.....#...#..##.P..P≈##
#.$.#...#@b.....<....
+...'......##.♣..P≈##
#...#...##.#≈♣8♣P8P≈#
#...#...+..##≈♣≈≈P≈##
#...#...###### ##≈##
#...#...# #...#...#
#...#...# #...#


You could see a bat.

Vanquished Creatures
  A hobgoblin (D:1)
1 creature vanquished.

Notes
Turn   | Place    | Note
-------+----------+-------------------------------------------
     0 | D:1      | Gwenloh the Kobold Enchanter began the quest for the Orb.
     0 | D:1      | Reached XP level 1. HP: 10/10 MP: 3/3
    58 | D:1      | Slain by a bat

Illustrated notes

Levels and vault maps discovered:
D:1:      ldierk_walled_garden_2, layout_basic,
          shapermc_ecumenical_altar_starsandcircs

Action                   || total
-------------------------++-------
Melee: Dagger            ||    19
Armor: Robe              ||     8
Dodge: Dodged            ||    38
